 Dungeon Crawl Stone Soup version 0.29.1-13-g9f3cf754e1 (webtiles) character file.

Game seed: 4197862243202390876

14 Exodus22XD the Trooper (level 2, 27/27 HPs)
             Began as a Minotaur Fighter on Feb 4, 2023.
             Was a Follower of Dithmenos.
             Quit the game on level 1 of the Dungeon.
             The game lasted 00:00:41 (722 turns).

Exodus22XD the Trooper (Minotaur Fighter)            Turns: 722, Time: 00:00:41

Health: 27/27      AC:  8    Str: 20    XL:     2   Next: 31%
Magic:  1/1        EV:  9    Int:  5    God:    Dithmenos [*.....]
Gold:   121        SH:  4    Dex:  9    Spells: 1/1 levels left

rFire   . . .      SeeInvis .   a - +0 war axe
rCold   . . .      Faith    .   c - +0 buckler
rNeg    . . .      Spirit   .   b - +0 scale mail
rPois   .          Reflect  .   (helmet restricted)
rElec   .          Harm     .   j - +0 cloak
rCorr   .          Rampage  .   (no gloves)
Will    .....                   (no boots)
Stlth   ..........              (no amulet)
HPRegen 0.09/turn               (no ring)
MPRegen 0.07/turn               (no ring)

@: wreathed by umbra
A: horns 2, retaliatory headbutt
a: Renounce Religion


You were on level 1 of the Dungeon.
You worshipped Dithmenos.
Dithmenos was aware of your devotion.
You visited 1 branch of the dungeon, and saw 1 of its levels.

You collected 121 gold pieces.

Inventory:

Hand Weapons
 a - a +0 war axe (weapon)
Armour
 b - a +0 scale mail (worn)
 c - a +0 buckler (worn)
 j - a +0 cloak (worn)
Scrolls
 f - a scroll of brand weapon {unknown}
 h - a scroll of magic mapping {unknown}
Potions
 d - a potion of might
 e - a potion of degeneration {unknown}
 g - a potion of lignification {unknown}
 i - a potion of mutation {unknown}


   Skills:
 + Level 4.0 Fighting
 + Level 2.5 Axes
 + Level 3.9 Armour
 + Level 3.8 Shields


You had one spell level left.
You didn't know any spells.
Your spell library was empty.

Dungeon Overview and Level Annotations

Branches:
Dungeon (1/15)

Altars:
Dithmenos

Shops:
D:1 :


Innate Abilities, Weirdness & Mutations

You have a pair of horns on your head.
You reflexively headbutt those who attack you in melee.


Message History

Found a leather armour.
No target in view!
You see here a +0 leather armour.
Found a cloak.
No target in view!
No target in view!
You see here a +0 leather armour.
You see here 9 stones.
You see here a +0 dagger.
Found a robe.
Search for what [? for help]? clo You see here a +0 dagger.
You see here 9 stones.
You see here a +0 leather armour.
You see here a +0 cloak.
j - a +0 cloak You start putting on your armour.
You continue putting on your +0 cloak. x4
You finish putting on your +0 cloak.
Unknown command.
No target in view!
A kobold comes into view. It is wielding a +0 short sword.
The kobold shouts!
The kobold throws a stone.
The stone hits you but does no damage.
A kobold is nearby!
The kobold misses you. You furiously retaliate!
You headbutt the kobold.
You kill the kobold!
No target in view!
No target in view!
No target in view!
No target in view!
You now have 121 gold pieces (gained 9).
You open the door.
Found a faded altar of an unknown god.
There is an open door here.
There is a faded altar of an unknown god here.
You cannot tell which god this altar belongs to.
Convert to them anyway?
Dithmenos accepts your prayer! Dithmenos welcomes you!
You are shrouded in an aura of darkness!
Are you sure you want to abandon this character and quit the game? (Confirm with "yes".)

...# #..#########....# #. ...#
##..#8.#..#......# ###. ...#
######...#..'..#......# #... ...#
#......#.#8.#..# #....# #.#.
...###.######.####.####....###.#.
..(....# #.#.......#......#.#.
##.###.# #.........#....#...#.
#.# ..# #.######..#.##.#####.
#.##### #.#.@._#.#..##....... #..
#.##'###.#..######### #####
#.#......#..######## .....
..#.....#....#.....## ....
..#######............ ####
####.####...##.....#. ########
#.....####.##.....#. #......####
#.##..####.#####.##. #.........#
#.##....##.#####.#..


There were no monsters in sight!

Vanquished Creatures
  2 ball pythons (D:1)
  2 bats (D:1)
  An endoplasm (D:1)
  3 hobgoblins (D:1)
  A quokka (D:1)
  A frilled lizard (D:1)
  2 kobolds (D:1)
  A rat (D:1)
13 creatures vanquished.

Notes
Turn   | Place    | Note
-------+----------+-------------------------------------------
     0 | D:1      | Exodus22XD the Minotaur Fighter began the quest for the
                  | Orb.
     0 | D:1      | Reached XP level 1. HP: 19/19 MP: 0/0
     7 | D:1      | Found Quistuci's Book Shoppe.
   284 | D:1      | Reached XP level 2. HP: 27/27 MP: 1/1
   286 | D:1      | Reached skill level 4 in Fighting
   716 | D:1      | Found a faded altar of an unknown god.
   719 | D:1      | Prayed at the altar of an unknown god.
   719 | D:1      | Became a worshipper of Dithmenos the Shadowed
   719 | D:1      | Reached * piety under Dithmenos
   722 | D:1      | Quit the game

Illustrated notes

Levels and vault maps discovered:
D:1:      evilmike_arrival_plus, layout_basic, serial_shops, shop_coins,
          shapermc_ecumenical_altar_mp_vishouse

Skill      XL: |  1  2 |
---------------+-------+-----
Fighting       | 4 |  4.0
Axes           | |  2.5
Armour         | |  3.9
Shields        | |  3.8

Action                   || total
-------------------------++-------
Melee: War axe           ||    21
       Headbutt          ||     3
Armor: Scale mail        ||    14
Dodge: Dodged            ||    12
Block: Buckler           ||     6
